 Dungeon Crawl Stone Soup version 0.27.1 (webtiles) character file.

Game seed: 14367273651270304715

4 promet the Vexing (level 1, 0/17 HPs)
             Began as a Gnoll Arcane Marksman on Aug 23, 2021.
             Slain by a goblin (1 damage)
             ... on level 1 of the Dungeon.
             The game lasted 00:01:38 (191 turns).

promet the Vexing (Gnoll Arcane Marksman)            Turns: 191, Time: 00:01:38

Health: 0/17       AC:  3    Str:  9    XL:     1   Next: 60%
Magic:  3/4        EV: 12    Int: 12    God:
Gold:   0          SH:  0    Dex: 12    Spells: 4/5 levels left

rFire    . . .     SeeInvis .   a - +0 dagger
rCold    . . .     Faith    .   (no shield)
rNeg     . . .     Spirit   .   f - +0 leather armour
rPois    .         Reflect  .   (no helmet)
rElec    .         Harm     .   (no cloak)
rCorr    .         Rampage  .   (no gloves)
Will     .....                  (no boots)
Stlth    +.........             (no amulet)
HPRegen  0.05/turn              (no ring)
MPRegen  0.09/turn              (no ring)

@: no status effects
A: fangs 1, strong nose, distributed training
a: no special abilities


You were on level 1 of the Dungeon.
You visited 1 branch of the dungeon, and saw 1 of its levels.

Inventory:

Hand Weapons
 a - a +0 dagger (weapon)
 b - a +0 hunting sling
Missiles
 c - 18 sling bullets
 e - 14 poisoned darts (quivered)
Armour
 d - a +0 robe
 f - a +0 leather armour (worn)


   Skills:
 + Level 2.4 Fighting
 + Level 0.1 Short Blades
 + Level 0.1 Long Blades
 + Level 0.1 Axes
 + Level 0.1 Maces & Flails
 + Level 0.1 Polearms
 + Level 0.1 Staves
 + Level 4.4 Slings
 + Level 0.1 Bows
 + Level 0.1 Crossbows
 + Level 0.1 Throwing
 + Level 0.1 Armour
 + Level 4.4 Dodging
 + Level 0.1 Stealth
 + Level 0.1 Shields
 + Level 0.1 Unarmed Combat
 + Level 2.6 Spellcasting
 + Level 0.1 Conjurations
 + Level 5.3 Hexes
 + Level 0.1 Summonings
 + Level 0.1 Necromancy
 + Level 0.1 Translocations
 + Level 0.1 Transmutations
 + Level 0.1 Fire Magic
 + Level 0.1 Ice Magic
 + Level 0.1 Air Magic
 + Level 0.1 Earth Magic
 + Level 0.1 Poison Magic
 + Level 0.2 Invocations
 + Level 0.1 Evocations


You had 4 spell levels left.
You knew the following spells:

 Your Spells              Type           Power      Damage    Failure   Level
a - Corona                Hex            15%        N/A       4%          1

Your spell library contained the following spells:

 Spells                   Type           Power      Damage    Failure   Level
 Slow                     Hex            14%        N/A       6%          2
 Inner Flame              Hex/Fire       8%         N/A       34%         3
 Portal Projectile        Hex/Tloc       16%        N/A       34%         3
 Cause Fear               Hex            7%         N/A       36%         4


Dungeon Overview and Level Annotations

Branches:
Dungeon (1/15)

Altars:


Innate Abilities, Weirdness & Mutations

You have very sharp teeth.
Your uncanny sense of smell can sniff out nearby items.
Your experience applies equally to all skills.


Message History

A goblin comes into view. It is wielding a +0 dagger.
The jackal bites you.
Casting: Corona (safe; 4% risk of failure)
Confirm with . or Enter, or press ? or * to list all spells.
Aiming: Corona (safe; 4% risk of failure)
Press: ? - help, Shift-Dir - straight line, f - jackal
Aim: a jackal (heavily wounded, chance to affect: 68%)
The jackal is outlined in light.
The jackal bites you.
You hit the jackal but do no damage.
The jackal is heavily wounded.
The jackal barely misses you.
You hit the jackal but do no damage.
The jackal is heavily wounded.
The jackal closely misses you. x2
You hit the jackal.
The jackal is severely wounded.
The jackal misses you.
You hit the jackal but do no damage.
The jackal is severely wounded.
The jackal bites you.
* * * LOW HITPOINT WARNING * * *
The jackal closely misses you.
You barely miss the jackal.
The jackal is heavily wounded.
The jackal barely misses you.
You hit the jackal.
The jackal is severely wounded.
The jackal bites you but does no damage.
The goblin hits you with a +0 dagger.
* * * LOW HITPOINT WARNING * * *
You hit the jackal but do no damage.
The jackal is severely wounded.
The jackal bites you but does no damage.
The goblin hits you with a +0 dagger.
* * * LOW HITPOINT WARNING * * *
The jackal bites you but does no damage.
You hit the jackal but do no damage.
The jackal is severely wounded.
The jackal stops glowing.
The goblin hits you with a +0 dagger.
You die...

#........................#
###############.######.###
............##.#
##########.###.##.#
............## #.# ∆
...hh........#.##.### ∆
.######.............#
#h#.#######.### #@#.# #.#
..>...g.#.# #.#
.#.####.#.# #.# ..#.# #.#
###.# #.# #.# #.# #.# #.#


You could see a jackal and a goblin.

Vanquished Creatures
  A bat (D:1)
  A jackal (D:1)
  A kobold (D:1)
3 creatures vanquished.

Notes
Turn   | Place    | Note
-------+----------+-------------------------------------------
     0 | D:1      | promet the Gnoll Arcane Marksman began the quest for the
                  | Orb.
     0 | D:1      | Reached XP level 1. HP: 17/17 MP: 4/4
   191 | D:1      | Slain by a goblin

Illustrated notes

Levels and vault maps discovered:
D:1:      roderic_octagonal_star, layout_basic

Action                   || total
-------------------------++-------
Melee: Dagger            ||    33
       Bite              ||     1
 Fire: Hunting sling     ||     2
 Cast: Corona            ||     4
Armor: Leather armour    ||     7
       Robe              ||     3
Dodge: Dodged            ||    33
